 Dungeon Crawl Stone Soup version 0.23.0 (webtiles) character file.

Game seed: 5108620998174579882

39 theswoord the Bolt Thrower (level 3, -3/31 HPs)
             Began as a Naga Arcane Marksman on Feb 15, 2019.
             Slain by an adder (4 damage)
             ... on level 2 of the Dungeon.
             The game lasted 00:02:02 (1625 turns).

theswoord the Bolt Thrower (Naga Arcane Marksman)   Turns: 1625, Time: 00:02:03

Health: -3/31      AC:  2    Str: 12    XL:     3   Next: 47%
Magic:  4/4        EV: 10    Int: 13    God:
Gold:   34         SH:  0    Dex: 12    Spells: 3/4 levels left

rFire    . . .     SeeInvis +   n - +0 whip
rCold    . . .     Gourm    +   (no shield)
rNeg     . . .     Faith    .   e - +0 robe
rPois    +         Spirit   .   (no helmet)
rElec    .         Reflect  .   (no cloak)
rCorr    .         Harm     .   (no gloves)
MR       .....                  (no barding)
Stlth    +.........             j - amulet of the gourmand
HPRegen  0.10/turn              (no ring)
MPRegen  0.09/turn              (no ring)

@: lethally poisoned (-3 -> -10), very slow
A: large, see invisible, deformed body, poison resistance, slowness 2, slow
metabolism 1, spit poison 1, AC +1
a: Spit Poison


You were on level 2 of the Dungeon.
You were full.

You visited 1 branch of the dungeon, and saw 2 of its levels.

You collected 34 gold pieces.

Inventory:

Hand Weapons
 a - a +0 hand crossbow
 n - a +0 whip (weapon)
Missiles
 d - 10 bolts
Armour
 e - a +0 robe (worn)
Jewellery
 j - an amulet of the gourmand (around neck)
 m - an uncursed ring of poison resistance {unknown}
Scrolls
 b - a scroll of enchant armour {unknown}
 c - a scroll of teleportation {unknown}
 g - a scroll of magic mapping {unknown}
 h - a scroll of identify {unknown}
 i - a scroll of noise {unknown}
Potions
 k - 6 potions of curing {unknown}
 l - a potion of lignification {unknown}
Comestibles
 f - 4 rations


   Skills:
 - Level 1.0 Fighting
 + Level 3.4 Crossbows
 - Level 1.5 Dodging
 - Level 1.0 Spellcasting
 - Level 3.0 Hexes


You had 3 spell levels left.
You knew the following spells:

 Your Spells              Type           Power        Failure   Level  Hunger
a - Corona                Hex            #......      9%          1    ##.....

Your spell library contained the following spells:

 Spells                   Type           Power        Failure   Level  Hunger
 Slow                     Hex            #.......     12%         2    ###....
 Inner Flame              Hex/Fire       #.......     41%         3    ####...
 Portal Projectile        Hex/Tloc       #.....       41%         3    ####...
 Cause Fear               Hex            #.........   63%         4    #####..
 Leda's Liquefaction      Hex/Erth       #.........   83%         4    #####..


Dungeon Overview and Level Annotations

Branches:
Dungeon (2/15)

Altars:
Ashenzari
Dithmenos
The Shining One


Innate Abilities, Weirdness & Mutations

You cannot wear boots.
Your serpentine skin is tough. (AC +1)
You have supernaturally acute eyesight. (SInv)
Armour fits poorly on your strangely shaped body.
Your system is resistant to poisons. (rPois)
You cover ground very slowly.
You have a slow metabolism.
You can spit poison.


Message History

You barely miss the adder.
You feel sick. The adder barely misses you.
Aim: an adder (severely wounded)
The splash of poison misses the adder.
You feel slightly less full.
You feel sick. The adder barely misses you. The adder bites you.
* * * LOW HITPOINT WARNING * * *
You closely miss the adder.
* * * LOW HITPOINT WARNING * * *
You feel sick. The adder bites you.
* * * LOW HITPOINT WARNING * * *
You closely miss the adder.
* * * LOW HITPOINT WARNING * * *
You feel sick. The adder bites you.
* * * LOW HITPOINT WARNING * * *
The adder bites you.
* * * LOW HITPOINT WARNING * * *
You barely miss the adder.
You have got your breath back.
* * * LOW HITPOINT WARNING * * *
You feel sick. The adder bites you.
You die...

#.# #.....#
##.## #.#
###)### ...###
#.# #.# !...#
#.#####.# ....#
#.......# ....#
######### ...#
..# ####S######
#..@.......
#).......(.
##..........
####..##'######
#....## ..#
####.#### ...#
#......# ....#
#.##.### ....#
#. #.# %...#


You could see an adder.

Vanquished Creatures
  A worm (D:2)
  2 dart slugs
  2 leopard geckos
  A giant cockroach (D:2)
  3 goblins (D:2)
  5 hobgoblins
  A quokka (D:2)
  3 bats
  2 frilled lizards (D:2)
  5 kobolds
  4 rats
29 creatures vanquished.

Notes
Turn   | Place    | Note
-------+----------+-------------------------------------------
     0 | D:1      | theswoord the Naga Arcane Marksman began the quest for the
                  | Orb.
     0 | D:1      | Reached XP level 1. HP: 18/18 MP: 2/2
   474 | D:1      | Reached XP level 2. HP: 25/25 MP: 3/3
   814 | D:2      | Found a shattered altar of Ashenzari.
   900 | D:2      | Found a glowing golden altar of the Shining One.
   920 | D:2      | Reached XP level 3. HP: 10/31 MP: 4/4
  1482 | D:2      | Found a shadowy altar of Dithmenos.
  1624 | D:2      | HP: 1/31 [adder (3)]
  1625 | D:2      | Slain by an adder

Skill      XL: |  1  2 |
---------------+-------+-----
Crossbows      | 2 3 |  3.4
Fighting       | |  1.0
Dodging        | |  1.5
Spellcasting   | |  1.0
Hexes          | |  3.0

Action                   || total
-------------------------++-------
Melee: Whip              ||    24
 Fire: Hand crossbow     ||    62
 Abil: Spit Poison       ||    11
  Eat: Chunk             ||     9
Armor: Robe              ||     7
Dodge: Dodged            ||    32

Levels and vault maps discovered:
D:1:      minmay_arrival_radiant_lines, layout_basic
D:2:      kennysheep_six_static_rooms, layout_loops_corners,
          grunt_dithmenos_smoke_and_mirrors, lemuel_doored_altar,
          evilmike_ruin_ashenzari
